 Dungeon Crawl Stone Soup version 0.31.0-32-g396128a36d (webtiles) character file.

Game seed: 3527927746804303930

163 601d51SH the Trooper (level 5, -8/47 HPs)
             Began as a Hill Orc Fighter on Apr 3, 2024.
             Killed from afar by Natasha (9 damage)
             ... with a puff of flame
             ... on level 3 of the Dungeon.
             The game lasted 00:04:04 (2155 turns).

601d51SH the Trooper (Hill Orc Fighter)             Turns: 2155, Time: 00:04:04

Health: -8/47      AC:  7    Str: 21    XL:     5   Next: 44%
Magic:  5/5        EV:  9    Int:  8    God:
Gold:   137        SH:  4    Dex: 10    Spells: 4/4 levels left

rFire   . . .        a - +0 war axe
rCold   . . .        c - +0 buckler
rNeg    . . .        b - +0 scale mail
rPois   +            (no helmet)
rElec   .            (no cloak)
rCorr   .            (no gloves)
SInv    .            (no boots)
Will    .....        (no amulet) Stlth
                     f - ring of poison resistance
HPRegen 0.27/turn    l - ring of flight
MPRegen 0.09/turn

%: no passive effects
@: flying
A: no striking features
a: no special abilities


You were on level 3 of the Dungeon.
You visited 1 branch of the dungeon, and saw 3 of its levels.

You collected 137 gold pieces.

Inventory:

Hand Weapons
 a - a +0 war axe (weapon)
 e - a +2 dagger of venom
 g - a +3 whip
Armour
 b - a +0 scale mail (worn)
 c - a +0 buckler (worn)
Jewellery
 f - a ring of poison resistance (left hand)
 h - a ring of protection from cold
 l - a ring of flight (right hand)
 p - a +6 ring of dexterity
Wands
 u - a wand of charming (7)
Scrolls
 j - a scroll of blinking {unknown}
 k - 2 scrolls of identify {unknown}
 n - a scroll of amnesia {unknown}
 o - a scroll of silence {unknown}
 r - a scroll of enchant weapon {unknown}
 t - a scroll of noise {unknown}
Potions
 d - a potion of might
 i - 2 potions of haste {unknown}
 m - a potion of ambrosia {unknown}
 q - a potion of curing {unknown}
 s - a potion of resistance {unknown}


   Skills:
 + Level 4.5 Fighting
 + Level 4.0 Axes
 + Level 4.1 Armour
 + Level 1.3 Dodging
 + Level 4.2 Shields


You had 4 spell levels left.
You didn't know any spells.
Your spell library contained the following spells:

 Spells                   Type           Power      Damage    Failure   Level
 Magic Dart               Conj           0%         1d3       80%         1
 Blink                    Tloc           0%         N/A       91%         2
 Call Imp                 Summ           0%         N/A       91%         2


Dungeon Overview and Level Annotations

Branches:
Dungeon (3/15)

Altars:

Annotations:
D:3 Natasha


Message History

* * * LOW HITPOINT WARNING * * *
You block the cerulean imp's attack.
You closely miss Natasha.
The cerulean imp hits you from afar with a +2 spear.
* * * LOW HITPOINT WARNING * * *
Natasha stares at you and mumbles some strange words.
The magic dart hits you.
* * * LOW HITPOINT WARNING * * *
The cerulean imp hits you but does no damage.
Press: ? - help, v - describe, . - travel, g - get item
Here: Natasha, carrying a wand of flame
Items here: a +0 hand axe of venom; an orc corpse; a giant cockroach corpse.
The floor.
You closely miss Natasha. The cerulean imp barely misses you.
Natasha claws you.
* * * LOW HITPOINT WARNING * * *
The cerulean imp hits you but does no damage. x2
You slash Natasha!
Natasha is severely wounded.
The cerulean imp disappears in a puff of smoke!
You block Natasha's attack.
The cerulean imp hits you but does no damage.
Natasha barely misses you. The cerulean imp barely misses you.
You hit Natasha.
Natasha is almost dead.
Natasha claws you but does no damage. You block the cerulean imp's attack.
You hit Natasha.
Natasha is almost dead.
Natasha barely misses you. The cerulean imp barely misses you.
You closely miss Natasha.
Natasha is almost dead.
Natasha stares at you and mumbles some strange words.
You resist with some effort.
The cerulean imp hits you from afar with a +2 spear.
* * * LOW HITPOINT WARNING * * *
Natasha wildly gestures.
You feel troubled.
Natasha zaps a wand.
The puff of flame hits you!
You die...
Natasha curls up and begins to purr.

####.# #.#.##.##.
#.# #.#.##.##. #.#
#.#.##.##. ####.#
#.#.##.##. #....#
#.#.##.##. #.####
#.#.##.##. #.#
#.#.....). ##.##
#......... #@..#
##).##.###
#.Sh###.####...##.#
#.5. .........>.#
#.#. .#####.....#
#.... #####.# ## ##
#######.###
...........
#######.### #.# #


You could see Natasha, a cerulean imp (summoned) and a ball python.

Vanquished Creatures
  Natasha (twice) (D:3)
  3 adders (D:2)
  4 dart slugs
  2 orcs (D:3)
  4 ball pythons
  7 bats
  7 endoplasms
  7 giant cockroaches
  7 hobgoblins
  9 kobolds
  4 quokkas
  5 frilled lizards
  6 goblins
  5 rats
72 creatures vanquished.

Notes
Turn   | Place    | Note
-------+----------+-------------------------------------------
     0 | D:1      | 601d51SH the Hill Orc Fighter began the quest for the Orb.
     0 | D:1      | Reached XP level 1. HP: 19/19 MP: 1/1
   138 | D:1      | Reached XP level 2. HP: 27/27 MP: 2/2
   372 | D:1      | Reached XP level 3. HP: 33/33 MP: 3/3
  1029 | D:2      | Reached XP level 4. HP: 40/40 MP: 4/4
  1145 | D:2      | Reached skill level 1 in Dodging
  1771 | D:3      | Noticed Natasha
  1776 | D:3      | Killed Natasha
  1777 | D:3      | Reached XP level 5. HP: 47/47 MP: 5/5
  2101 | D:3      | Noticed Natasha
  2117 | D:3      | Killed Natasha
  2137 | D:3      | Noticed Natasha
  2151 | D:3      | HP: 2/47 [Natasha (3)]
  2155 | D:3      | Killed from afar by Natasha

Illustrated notes

Levels and vault maps discovered:
D:1:      matt_arrival_los_fun, layout_loops_ring, nicolae_titane
D:2:      layout_basic, lexackson_kobold_supper
D:3:      layout_loops_ring, uniq_natasha

Skill      XL: |  1  2  3  4  5 |
---------------+----------------+-----
Axes           | 3 4 |  4.0
Fighting       | 4 |  4.5
Dodging        | 1 |  1.3
Armour         | 4 |  4.1
Shields        | 4 |  4.2

Action                     |  1- 3 |  4- 6 || total
---------------------------+-------+-------++-------
  Melee: War axe           |    98 |    84 ||   182
 Armour: Scale mail        |    72 |    72 ||   144
  Dodge: Dodged            |    43 |    40 ||    83
  Block: Buckler           |    30 |    21 ||    51
